Map: Jagannatha LE

Players

DPGZest (Zest) - Winner!

  • Race: Protoss Protoss
  • League: Master
  • Spawn Location: 7:00

Zoun

  • Race: Protoss Protoss
  • League: Master
  • Spawn Location: 1:00

Event: StayAtHome Story Cup #3

VOD

Have the link to the VOD?

Description

Time

  • Played on: March 13, 2021, 7:31 a.m.
  • Length: 3:50

All games in this series

Show
View Real Time Build Order
Export as new Build Order

DPGZest Protoss - Winner!

Build Orders:  

Get SALT Encoding   

  12  0:00  Probe  
  13  0:12  Probe  
  14  0:17  Pylon  
  14  0:24  Probe (Chrono Boost)  
  15  0:36  Probe (Chrono Boost)  
  15  0:37  Gateway  
  16  0:44  Probe (Chrono Boost)  
  16  0:46  Assimilator  
  17  0:51  Probe  
  18  1:03  Probe  
  19  1:07  Forge  
  19  1:13  Pylon  
  19  1:27  Zealot (Chrono Boost), Cybernetics Core  
  21  1:36  Assimilator  
  21  1:48  Cybernetics Core  
  21  1:54  Pylon  
  22  2:02  Stalker (Chrono Boost)  
  23  2:16  Pylon  
  23  2:24  Stargate  
  20  2:58  Void Ray (Chrono Boost)  
  24  3:15  Nexus  
Show
View Real Time Build Order
Export as new Build Order

Zoun Protoss 

Build Orders: Cannon Rush 

Get SALT Encoding   

  12  0:00  Probe  
  13  0:12  Probe  
  14  0:17  Pylon  
  14  0:24  Probe  
  15  0:38  Forge  
  15  0:52  Pylon  
  15  0:55  Pylon  
  15  1:03  Pylon  
  15  1:06  Pylon  
  15  1:17  Photon Cannon  
  15  1:20  Photon Cannon  
  15  1:35  Photon Cannon  
  15  1:59  Photon Cannon x2  
  15  2:12  Photon Cannon x2  
  15  2:23  Photon Cannon  
  15  2:34  Photon Cannon  
  15  2:44  Probe (Chrono Boost)  
  15  2:49  Gateway  
  16  2:55  Assimilator  
  16  2:57  Probe (Chrono Boost)  
  17  3:03  Probe (Chrono Boost)  
  17  3:05  Assimilator  
  18  3:11  Probe (Chrono Boost)  
  19  3:21  Pylon  
  19  3:23  Probe (Chrono Boost)  
  20  3:30  Probe (Chrono Boost)  
  21  3:37  Probe  
  21  3:39  Cybernetics Core  
Tags
 
Add a new tag
Caveats
  • Supply blocks, unpowered buildings, or Contaminate may cause inaccurate times.
  • Supply counts are checked every 10 seconds.